 Dungeon Crawl Stone Soup version 0.21-a0-92-g7bf63f6 (webtiles) character file.

318991 Ordine the Peltast (level 21, 0/141 HPs)
             Began as a Gargoyle Fighter on June 30, 2017.
             Was the Champion of Okawaru.
             Slain by a tentacled monstrosity (6 damage)
             ... on level 4 of the Abyss on July 1, 2017.
             The game lasted 03:00:31 (47704 turns).

Ordine the Peltast (Gargoyle Fighter)              Turns: 47704, Time: 03:00:32

Health: 0/141      AC: 42    Str: 28    XL:     21   Next: 46%
Magic:  34/34      EV: 10    Int: 12    God:    Okawaru [******]
Gold:   1145       SH: 25    Dex: 12    Spells: 30/38 levels left

rFire    + + .     SeeInvis +   A - +3 morningstar "Kisil" {elec, Fragile +Inv rN++ Str+4}
rCold    + + .     Gourm    .   u - +5 shield "Keruv" {rC+ Str+2}
rNeg     + + +     Faith    .   H - +2 plate armour {rF+}
rPois    ∞         Spirit   .   d - +3 helmet of the Komodo Dragon {rF+ rN+ MR+ SInv}
rElec    +         Reflect  +   r - scarf {repulsion}
rCorr    .         Harm     .   B - +1 pair of gloves {Str+3}
MR       ++++.     Clarity  +   K - +0 pair of boots {Stlth+}
Stlth    ..........             h - +5 amulet of reflection
HPRegen  0.33/turn              s - ring of the Mage {Wiz MR++ Int+3}
MPRegen  0.24/turn              D - ring of protection from cold

@: barbed spikes, flying, constricted, repel missiles
A: big wings, [blurry vision 2], clarity, [clumsy 1], [deterioration 1], [dopey
2], negative energy resistance 1, robust 1, electricity resistance, strong 1,
[weak 2], unbreathing, petrification resistance, [no potion heal 2], rot
immunity, [subdued magic 2], MP-powered wands, AC +15
}: 2/15 runes: decaying, gossamer
a: Stop Flying, Heroism, Finesse, Renounce Religion, Evoke Invisibility


You were on level 4 of the Abyss.
You worshipped Okawaru.
Okawaru was exalted by your worship.
You were not hungry.

You visited 8 branches of the dungeon, and saw 37 of its levels.
You visited the Abyss 1 time.
You also visited: Labyrinth, Ossuary, Ice Cave, Volcano and Wizlab.

You collected 4641 gold pieces.
You spent 3496 gold pieces at shops.

Inventory:

Hand Weapons
 A - the +3 morningstar "Kisil" (weapon) {elec, Fragile +Inv rN++ Str+4}
   (Okawaru gifted it to you on level 6 of the Lair of Beasts)

   Occasionally, upon striking a foe, it will discharge some electrical energy
   and cause terrible harm.
   It affects your strength (+4).
   It greatly protects you from negative energy.
   It lets you turn invisible.
   It will be destroyed if unequipped.
Armour
 d - the +3 helmet of the Komodo Dragon (worn) {rF+ rN+ MR+ SInv}
   (You bought it in a shop on level 2 of the Elven Halls)

   It protects you from fire.
   It protects you from negative energy.
   It affects your resistance to hostile enchantments.
   It lets you see invisible.
 l - a +1 cloak of fire resistance
 p - a +1 plate armour of cold resistance
 r - a scarf of repulsion (worn)
 u - the +5 shield "Keruv" (worn) {rC+ Str+2}
   (Okawaru gifted it to you on level 3 of the Elven Halls)

   It affects your strength (+2).
   It protects you from cold.
 B - a +1 pair of gloves of strength (worn)
 H - a +2 plate armour of fire resistance (worn)
 K - a +0 pair of boots of stealth (worn)
Magical Staves
 b - an uncursed staff of cold
 P - an uncursed staff of earth
Jewellery
 h - a +5 amulet of reflection (around neck)
 s - the ring of the Mage (left hand) {Wiz MR++ Int+3}
   (You bought it in a shop on level 2 of the Orcish Mines)

   [ring of wizardry]

   It improves your spell success rate.
   It affects your intelligence (+3).
   It affects your resistance to hostile enchantments.
 D - a ring of protection from cold (right hand)
Scrolls
 e - 2 scrolls of blinking
 m - 15 scrolls of teleportation
 w - a scroll of fear
 y - 2 scrolls of fog
 F - 14 scrolls of remove curse
Potions
 c - 5 potions of ambrosia
 g - 9 potions of curing
 j - 5 potions of haste
 n - 5 potions of berserk rage
 q - 2 potions of resistance
 v - 2 potions of mutation
 x - 4 potions of lignification
 z - 8 potions of agility
 J - 2 potions of invisibility
 V - 4 potions of might
Books
 C - a book of Frost

   Spells                             Type                      Level
   a - Freeze                         Ice                          1
   b - Throw Frost                    Conjuration/Ice              2
   c - Ozocubu's Armour               Charms/Ice                   3
   d - Throw Icicle                   Conjuration/Ice              4
   e - Summon Ice Beast               Ice/Summoning                4
Comestibles
 a - a meat ration
 f - 23 bread rations
 i - a royal jelly


   Skills:
 - Level 13.0 Fighting
 - Level 16.0 Maces & Flails
 - Level 13.0 Armour
 - Level 11.0 Dodging
 - Level 16.0 Shields
 + Level 9.2 Spellcasting
 * Level 8.7 Hexes
 - Level 9.0 Translocations
 * Level 7.7 Air Magic
 - Level 13.0 Invocations
 - Level 10.0 Evocations


You had 30 spell levels left.
You knew the following spells:

 Your Spells              Type           Power        Failure   Level  Hunger
a - Apportation           Tloc           ###...       1%          1    None
b - Blink                 Tloc           N/A          1%          2    None
c - Silence               Hex/Air        ###.......   26%         5    #####..


Dungeon Overview and Level Annotations

Branches:
Dungeon (15/15)            Temple (1/1) D:4            Lair (6/6) D:9
  Swamp (4/4) Lair:4       Spider (4/4) Lair:2        Slime (0/5) Lair:6
    Orc (2/2) D:9             Elf (3/3) Orc:2        Vaults (2/5) D:13
 Depths (0/5) D:15
  Crypt: Vaults:2-3

Altars:
Ashenzari
Cheibriados
Dithmenos
Elyvilon
Fedhas
Gozag
Hepliaklqana
Kikubaaqudgha
Makhleb
Nemelex Xobeh
Okawaru
Qazlal
Ru
Sif Muna
Trog
Uskayaw
Vehumet
Wu Jian
Xom
Yredelemnul
Zin
The Shining One
Beogh

Shops:
D:7 (   D:14 (!:[   Orc:1 %   Orc:2 =*=[   Elf:2 %%!*   Vaults:1 }[*


Innate Abilities, Weirdness & Mutations

You are resistant to torment.
Your stone body is resilient. (AC +15)
You are immune to poison.
Your large and strong wings let you fly indefinitely.
You resist negative energy. (rN+)
You are resistant to electric shocks. (rElec)
You can survive without breathing.
You are immune to petrification.
You are immune to rotting.
You possess an exceptional clarity of mind.
You are robust. (+10% HP)
Your muscles are strong. (Str +2)
You expend magic power (3 MP) to strengthen your wands.
[Scrolls take you longer to read.]
[You are clumsy. (Dex -2)]
[Your body sometimes deteriorates upon taking damage.]
[You are very dopey. (Int -4)]
[You are very weak. (Str -4)]
[Potions are poor at restoring your health.]
[Your spells are easier to cast, but less powerful.]


Message History

Your system partially rejects the healing.
You feel better.
The tentacled monstrosity tentacle-slaps you but does no damage.
You block the tentacled monstrosity's attack. x2
* * * LOW HITPOINT WARNING * * *
The tentacled monstrosity constricts you.
You block the raiju's attack.
Your system partially rejects the healing.
You feel better.
The tentacled monstrosity tentacle-slaps you but does no damage.
You block the tentacled monstrosity's attack.
The tentacled monstrosity tentacle-slaps you but does no damage.
* * * LOW HITPOINT WARNING * * *
The tentacled monstrosity constricts you.
You block the raiju's attack.
Your system partially rejects the healing.
You feel better.
You block the tentacled monstrosity's attack.
The tentacled monstrosity tentacle-slaps you.
You die...

.. .. . ≈≈ ≈ #.
..... #..
#§§.#≈≈ ≈
#..#.##.
#....≈♣ ≈
#.....# . ###.
..≈≈. .##.#.#..
#...## #..≈.≈
#..#....###.##
...
........#...#.
.##.. ≈#
#...#..##..##..
#≈.. #.h@XH###
. ##.≈♣ ..
#.####x# .≈#
≈≈♣.# .. ..#
.≈≈≈ ≈.♣ ... .#
.#. ≈≈ . #.# .
# . #♣ ≈≈≈ . #
.#.# R. .# #


You could see a tentacled monstrosity, a manticore shaped shifter, a raiju and a
small abomination.

Vanquished Creatures
  An ancient lich (WizLab)
  2 deep elf master archers (Elf:3)
  3 deep elf blademasters
  Kirke (Spider:4)
  Agnes (Spider:3)
  A thorn hunter (Swamp:4)
  Aizul (Elf:2)
  A vault warden (Vaults:1)
  4 ghost moths
  3 deep elf sorcerers (Elf:3)
  6 emperor scorpions
  2 deep elf elementalists
  A reaper (IceCv)
  A stone giant (Orc:2)
  Nessos (Lair:5)
  An ironheart preserver (Vaults:1)
  7 deep elf annihilators
  3 deep elf demonologists
  4 dire elephants (Lair:6)
  5 entropy weavers
  Azrael (D:15)
  5 spark wasps (Spider:4)
  9 deep elf death magi
  A minotaur (Lab)
  A fire dragon (Lair:4)
  3 deep elf high priests
  A yaktaur captain (D:10)
  A mummy priest (WizLab)
  4 rakshasas
  A great orb of eyes (Vaults:1)
  2 ghost crabs
  2 ice dragons (Vaults:1)
  22 hydras
  The ghost of Ordine the Carver, a journeyman OpFi of Okawaru (D:7)
  9 centaur warriors
  A death knight (D:14)
  An anaconda (Lair:6)
  9 alligators
  12 two-headed ogres
  2 deep troll earth magi (Vaults:1)
  8 death scarabs (Spider:4)
  29 dancing weapons
  2 tengu warriors
  Urug (Lair:4)
  3 orc high priests (Orc:2)
  Sonja (D:14)
  2 wretched stars (Abyss:4)
  20 deep elf knights
  3 spectral emperor scorpions (Spider:4)
  A hell knight (Vaults:1)
  4 skeletal warriors
  2 glowing orange brains (Vaults:1)
  2 unseen horrors
  An iron troll (D:13)
  2 spriggan druids (Swamp:3)
  3 deep trolls
  A golden dragon zombie (D:15)
  3 spark wasp zombies
  4 shambling mangroves
  3 flayed ghosts
  2 spectral wolf spiders (Spider:4)
  Pikel (D:5)
  8 swamp dragons
  10 deep elf archers
  2 ironbrand convokers (Vaults:1)
  2 necromancers
  3 wizards
  11 orc knights
  22 orb spiders
  67 deep elf magi
  29 wolf spiders
  2 wolf spider zombies (Spider:4)
  23 ugly things
  A sphinx zombie (WizLab)
  2 manticores
  A fire giant zombie (WizLab)
  A frost giant zombie (WizLab)
  2 oklob plants (Spider:3)
  4 moths of wrath
  4 orc sorcerers
  8 cyclopes
  A salamander (Volcano)
  A shining eye (Lair:6)
  A fire giant skeleton (Vaults:1)
  A stone giant zombie (WizLab)
  A worldbinder (Abyss:4)
  2 demonspawn zombies (WizLab)
  4 elephants (Lair:6)
  Maurice (D:9)
  3 black mambas
  2 spriggan zombies
  A stone giant skeleton (D:15)
  2 ice statues (IceCv)
  A smoke demon (Abyss:4)
  2 water nymphs (shapeshifter)
  3 vault sentinels (Vaults:1)
  5 torpor snails
  2 gargoyles
  2 efreet
  4 rime drakes
  18 spiny frogs
  A kobold demonologist (D:11)
  16 demonic crawlers
  7 spectral redbacks (Spider:4)
  2 komodo dragons
  6 yaktaurs
  4 redback zombies
  11 ice devils (IceCv)
  26 jumping spiders
  3 guardian mummies
  A meliai (Abyss:4)
  13 trolls
  A meliai (shapeshifter) (Vaults:1)
  A polar bear (Lair:6)
  2 spectral jumping spiders (Spider:4)
  2 spectral tarantellas (Spider:4)
  5 blink frogs (Lair:6)
  5 tyrant leeches
  An ettin zombie (WizLab)
  7 bog bodies
  22 hornets
  A tarantella zombie (Spider:4)
  13 hippogriffs
  15 slime creatures
  4 dream sheep (Lair:5)
  3 jumping spider zombies (Spider:4)
  A human simulacrum (Vaults:2)
  An ice dragon zombie (WizLab)
  8 air elementals
  A centaur simulacrum (D:13)
  77 redbacks
  4 spriggans
  5 shadows
  27 tarantellas
  38 yaks
  4 water elementals
  6 wyverns
  6 wraiths
  2 fire bats (Volcano)
  A tarantella (shapeshifter) (Vaults:1)
  2 spriggans (shapeshifter)
  10 fire elementals
  3 hungry ghosts
  A golden eye (shapeshifter) (Vaults:1)
  A steam dragon (D:9)
  Grum (D:10)
  12 vampire mosquitoes
  8 basilisks
  Menkaure (D:4)
  A yaktaur simulacrum (Vaults:1)
  18 swamp worms
  A tengu zombie (WizLab)
  2 acid dragons
  13 insubstantial wisps
  2 wargs
  7 hell hounds
  8 porcupines
  A soldier ant (D:14)
  12 water moccasins
  2 human skeletons (Vaults:1)
  2 spectral hornets (Spider:4)
  17 swamp drakes
  6 ice beasts
  4 sky beasts
  30 orc warriors
  A black bear (shapeshifter) (Vaults:1)
  3 eyes of draining
  8 ogres
  A hornet zombie (Spider:4)
  7 black bears
  A necrophage (D:8)
  A phantom (D:10)
  10 wolves
  20 centaurs
  12 crocodiles
  6 big kobolds
  17 bullfrogs
  An ogre simulacrum (Vaults:1)
  5 gnoll sergeants
  A wyvern zombie (D:9)
  11 earth elementals
  A water moccasin zombie (D:8)
  A glowing shapeshifter simulacrum (Vaults:1)
  2 wyvern skeletons
  8 scorpions
  2 raiju zombies (WizLab)
  11 killer bees
  2 howler monkeys
  10 wights
  5 electric eels
  4 crimson imps
  2 bullfrog zombies
  2 centaur zombies
  4 lava snakes (Lair:4)
  2 quasits
  10 centaur skeletons
  8 jellies
  16 orc priests
  9 hounds
  A bullfrog skeleton (D:10)
  29 orc wizards
  Ijyb (D:4)
  8 iguanas
  23 worker ants
  A hound zombie (D:9)
  2 hound skeletons
  3 mummies (Ossuary)
  A howler monkey zombie (D:6)
  2 worker ant zombies
  17 adders
  18 gnolls
  2 shadow imps
  7 white imps (IceCv)
  8 ufetubi (IceCv)
  5 oozes
  An adder skeleton (D:6)
  3 worms
  2 dart slugs
  6 leopard geckos
  74 orcs
  2 ball pythons
  7 giant cockroaches
  2 goblins
  5 hobgoblins
  14 jackals
  4 quokkas
  7 bats
  4 frilled lizards
  3 goblin zombies (Ossuary)
  4 hobgoblin zombies (Ossuary)
  12 kobolds
  2 kobold zombies (Ossuary)
  A leopard gecko skeleton (D:4)
  7 rats
  A fungus (D:9)
  5 plants (Lair:6)
1510 creatures vanquished.

Vanquished Creatures (others)
  A yaktaur captain (Vaults:1)
  A hydra (Swamp:4)
  A deep elf knight (Elf:3)
  An unseen horror (D:13)
  A swamp dragon (Swamp:4)
  5 deep elf archers
  An orb spider (Spider:4)
  A deep elf mage (Elf:1)
  A yaktaur (Vaults:1)
  A tyrant leech (Swamp:3)
  A vampire (D:14)
  5 humans (Spider:4)
  An orc warrior (Elf:3)
  2 swamp drakes (Swamp:4)
  4 centaurs (Vaults:1)
  A bullfrog (D:15)
  An electric eel (Elf:3)
  An orc wizard (Orc:2)
  3 white imps (IceCv)
  An ufetubus (IceCv)
  An orc (Orc:2)
  A demonic plant (Abyss:4)
  27 fungi
  25 plants
88 creatures vanquished.

Grand Total: 1598 creatures vanquished

Notes
Turn   | Place    | Note
-------+----------+-------------------------------------------
     0 | D:1      | Ordine the Gargoyle Fighter began the quest for the Orb.
     0 | D:1      | Reached XP level 1. HP: 14/14 MP: 1/1
   238 | D:1      | Reached XP level 2. HP: 15/19 MP: 2/2
   794 | D:2      | Reached XP level 3. HP: 17/23 MP: 3/3
  1247 | D:2      | Found a white marble altar of Elyvilon.
  1509 | D:3      | Reached XP level 4. HP: 19/28 MP: 4/4
  2028 | D:3      | Reached skill level 5 in Maces & Flails
  2028 | D:3      | Reached XP level 5. HP: 32/32 MP: 5/5
  2294 | D:4      | Noticed an ogre
  2313 | D:4      | Killed an ogre
  2313 | D:4      | Reached XP level 6. HP: 31/37 MP: 6/6
  2586 | D:4      | Noticed Ijyb
  2597 | D:4      | Killed Ijyb
  2852 | D:4      | Found a staircase to the Ecumenical Temple.
  2861 | Temple   | Entered the Ecumenical Temple
  2878 | Temple   | Became a worshipper of Warmaster Okawaru
  3530 | D:4      | Noticed Menkaure
  3540 | D:4      | HP: 2/55 [Menkaure (13)]
  3546 | D:4      | Killed Menkaure
  3546 | D:4      | Reached XP level 7. HP: 9/41 MP: 7/7
  3873 | D:5      | Entered Level 5 of the Dungeon
  4189 | D:5      | Noticed Pikel
  4214 | D:5      | Killed Pikel
  4214 | D:5      | Reached * piety under Okawaru
  4214 | D:5      | Reached ** piety under Okawaru
  4214 | D:5      | Reached XP level 8. HP: 18/46 MP: 8/8
  4519 | D:5      | Noticed a wyvern
  4530 | D:5      | Killed a wyvern
  4530 | D:5      | Reached skill level 10 in Maces & Flails
  5018 | D:6      | Found a sand-covered staircase.
  5026 | Ossuary  | Entered an ossuary
  5026 | Ossuary  | Noticed a wraith
  5026 | Ossuary  | Noticed a wraith
  5026 | Ossuary  | Noticed a wraith
  5105 | Ossuary  | Noticed a wraith
  5120 | Ossuary  | Killed a wraith
  6099 | D:7      | Reached XP level 9. HP: 36/51 MP: 9/9
  6272 | D:7      | Reached XP level 10. HP: 56/56 MP: 10/10
  6677 | D:7      | Reached *** piety under Okawaru
  6968 | D:7      | Noticed Ordine's ghost (journeyman OpFi)
  7023 | D:7      | Killed Ordine's ghost
  7147 | D:7      | Found Marrouq's Antique Weapon Shop.
  7841 | D:8      | Reached skill level 1 in Invocations
  8063 | D:8      | Reached skill level 10 in Shields
  8089 | D:8      | Reached **** piety under Okawaru
  8089 | D:8      | Reached skill level 1 in Dodging
  8238 | D:8      | Found a bloodstained altar of Trog.
  8607 | D:9      | Noticed a two-headed ogre
  8814 | D:9      | Noticed a two-headed ogre
  8841 | D:9      | Killed a two-headed ogre
  8841 | D:9      | Reached ***** piety under Okawaru
  8841 | D:9      | Reached XP level 11. HP: 43/61 MP: 11/13
  8990 | D:9      | Noticed a two-headed ogre
  9019 | D:9      | Killed a two-headed ogre
  9211 | D:9      | Killed a two-headed ogre
  9505 | D:9      | Received a gift from Okawaru
  9538 | D:9      | Found a staircase to the Lair.
  9572 | D:9      | Reached skill level 5 in Invocations
  9975 | D:9      | Noticed a brown ugly thing
  9985 | D:9      | Killed a brown ugly thing
  9985 | D:9      | Reached skill level 5 in Fighting
  9985 | D:9      | Reached skill level 5 in Armour
 10077 | D:9      | Noticed Maurice
 10103 | D:9      | Killed Maurice
 10792 | D:9      | Learned a level 2 spell: Blink
 10814 | D:9      | Found a staircase to the Orcish Mines.
 11257 | D:10     | Entered Level 10 of the Dungeon
 11337 | D:10     | Noticed a cyan ugly thing
 11345 | D:10     | Killed a cyan ugly thing
 11412 | D:10     | Noticed Grum
 11499 | D:10     | Reached XP level 12. HP: 69/69 MP: 16/16
 11632 | D:10     | Received a gift from Okawaru
 11644 | D:10     | Killed Grum
 11809 | D:10     | Noticed a two-headed ogre
 11822 | D:10     | Killed a two-headed ogre
 12272 | D:10     | Noticed a stone giant
 12272 | D:10     | Noticed a yaktaur captain
 12720 | D:10     | Killed a yaktaur captain
 12720 | D:10     | Reached ****** piety under Okawaru
 12773 | D:10     | Identified Sif Muna's Compendium of Flying Bewitchment
 12959 | Lair:1   | Entered Level 1 of the Lair of Beasts
 12970 | Lair:1   | Found a labyrinth entrance.
 12978 | Lab      | Entered a labyrinth
 13752 | Lab      | Noticed a minotaur
 13759 | Lab      | Killed a minotaur
 13852 | Lab      | Learned a level 1 spell: Apportation
 13931 | Lair:1   | Received a gift from Okawaru
 14720 | Lair:2   | Reached XP level 13. HP: 70/76 MP: 18/20
 14847 | Lair:2   | Found a hole to the Spider Nest.
 14905 | Lair:2   | Reached skill level 5 in Dodging
 14960 | Lair:2   | Found a dark tunnel.
 14968 | Volcano  | Entered a volcano
 15009 | Volcano  | Received a gift from Okawaru
 15535 | Lair:2   | Reached skill level 10 in Invocations
 16932 | Lair:4   | Got a silken robe
 16942 | Lair:4   | Identified the +0 robe "Dogaif" {+Inv Stlth+} (You found it on level 4 of the Lair of Beasts)
 17160 | Lair:4   | Found a staircase to the Swamp.
 17183 | Lair:4   | Noticed Urug
 17196 | Lair:4   | Killed Urug
 17511 | Lair:4   | Noticed a fire dragon
 17530 | Lair:4   | Killed a fire dragon
 17547 | Lair:4   | Identified the Reference Book on the Vitriolic Entourage
 17799 | Lair:5   | Received a gift from Okawaru
 17800 | Lair:5   | Noticed Nessos
 17814 | Lair:5   | Killed Nessos
 18008 | Lair:5   | Found a snail-covered altar of Cheibriados.
 18086 | Lair:5   | Gained mutation: Your large and strong wings let you fly indefinitely. [Gargoyle growth]
 18086 | Lair:5   | Reached XP level 14. HP: 69/82 MP: 23/23
 18425 | Lair:6   | Entered Level 6 of the Lair of Beasts
 18466 | Lair:6   | Found a staircase to the Slime Pits.
 18491 | Lair:6   | Gained mutation: Your muscles are strong. (Str +2) [a shining eye]
 18497 | Lair:6   | Gained mutation: Armour fits poorly on your strangely shaped body. [a shining eye]
 18527 | Lair:6   | Received a gift from Okawaru
 18539 | Lair:6   | Got a dazzling morningstar {god gift}
 18540 | Lair:6   | Identified the +3 morningstar "Kisil" {elec, Fragile +Inv rN++ Str+4} (Okawaru gifted it to you on level 6 of the Lair of Beasts)
 19213 | Lair:6   | Noticed a dire elephant
 19233 | Lair:6   | Killed a dire elephant
 19277 | Lair:6   | Noticed a dire elephant
 19277 | Lair:6   | Noticed a dire elephant
 19286 | Lair:6   | Killed a dire elephant
 19297 | Lair:6   | Killed a dire elephant
 19297 | Lair:6   | Received a gift from Okawaru
 19438 | Lair:6   | Noticed a dire elephant
 19454 | Lair:6   | Killed a dire elephant
 19780 | D:11     | Reached skill level 15 in Shields
 19821 | D:11     | Found a basalt altar of Yredelemnul.
 20736 | D:12     | Upgraded the game from 0.21-a0-91-ga5031da to 0.21-a0-92-g7bf63f6
 21062 | D:13     | Found a frozen archway.
 21078 | IceCv    | Entered an ice cave
 21653 | IceCv    | Noticed a reaper
 21661 | IceCv    | Killed a reaper
 21661 | IceCv    | Received a gift from Okawaru
 21661 | IceCv    | Reached XP level 15. HP: 76/86 MP: 24/24
 22721 | D:13     | Found a gate to the Vaults.
 22734 | D:13     | Reached skill level 1 in Translocations
 23132 | D:14     | Found Lieklisi's Book Emporium.
 23226 | D:14     | Found Jairaroo's Antique Armour Emporium.
 23242 | D:14     | Bought a pair of pitted gloves for 247 gold pieces
 23242 | D:14     | Bought a glowing hat for 182 gold pieces
 23275 | D:14     | Identified the cursed +0 pair of gloves of the Bouncing Emperors {rPois Int+8 Dex-4} (You bought it in a shop on level 14 of the Dungeon)
 23417 | D:14     | Received a gift from Okawaru
 23833 | D:14     | Found Kibbiom's Weapon Emporium.
 23834 | D:14     | Noticed Sonja
 23853 | D:14     | Killed Sonja
 24123 | D:14     | Found Iskaurgh's Distillery.
 24132 | D:14     | Bought a potion of magic for 104 gold pieces
 24199 | D:15     | Entered Level 15 of the Dungeon
 24207 | D:15     | Noticed Azrael
 24245 | D:15     | Killed Azrael
 24329 | D:15     | Received a gift from Okawaru
 24347 | D:15     | Found a staircase to the Depths.
 24527 | D:15     | Found a stormy altar of Qazlal.
 24711 | D:15     | Reached skill level 5 in Translocations
 25287 | Orc:1    | Entered Level 1 of the Orcish Mines
 25378 | Orc:1    | Found Hiuroura's Food Shop.
 25745 | Orc:1    | Found a roughly hewn altar of Beogh.
 25757 | Orc:1    | Reached XP level 16. HP: 72/94 MP: 25/25
 25871 | Orc:2    | Entered Level 2 of the Orcish Mines
 26356 | Orc:2    | Found a staircase to the Elven Halls.
 26526 | Orc:2    | Received a gift from Okawaru
 27201 | Orc:2    | Found Guxe's Jewellery Shoppe.
 27201 | Orc:2    | Found Xugem's Armour Boutique.
 27203 | Orc:2    | Found Xaecat Jixo's General Store.
 27203 | Orc:2    | Found Losid Kiunk's Jewellery Shoppe.
 27219 | Orc:2    | Bought a scroll of vulnerability for 90 gold pieces
 27219 | Orc:2    | Bought a scroll of identify for 24 gold pieces
 27219 | Orc:2    | Bought a scroll of enchant armour for 90 gold pieces
 27225 | Orc:2    | Bought the ring of the Mage {Wiz MR++ Int+3} for 672 gold pieces
 27493 | Swamp:1  | Entered Level 1 of the Swamp
 27942 | Swamp:1  | Reached skill level 10 in Armour
 28417 | Swamp:2  | Reached skill level 1 in Spellcasting
 28502 | Swamp:2  | Reached skill level 15 in Maces & Flails
 29408 | Swamp:3  | Received a gift from Okawaru
 30067 | Swamp:3  | Reached skill level 10 in Fighting
 30174 | Swamp:4  | Entered Level 4 of the Swamp
 30431 | Swamp:4  | Reached XP level 17. HP: 88/102 MP: 26/26
 30866 | Swamp:4  | Reached skill level 5 in Spellcasting
 31115 | Swamp:3  | Received a gift from Okawaru
 31425 | Swamp:4  | Got a decaying rune of Zot
 31682 | Spider:1 | Entered Level 1 of the Spider Nest
 32107 | Spider:1 | Reached skill level 1 in Evocations
 33575 | Spider:3 | Received a gift from Okawaru
 33575 | Spider:3 | Reached XP level 18. HP: 52/110 MP: 27/27
 33580 | Spider:3 | HP: 1/110 [wolf spider (8)]
 34823 | Spider:4 | Entered Level 4 of the Spider Nest
 34829 | Spider:4 | Noticed Agnes
 34843 | Spider:3 | Killed Agnes
 34963 | Spider:3 | Received a gift from Okawaru
 35088 | Spider:4 | Noticed Kirke
 35097 | Spider:4 | Killed Kirke
 35293 | Spider:4 | Reached skill level 10 in Dodging
 35872 | Spider:4 | Reached skill level 5 in Evocations
 36072 | Spider:4 | Received a gift from Okawaru
 36738 | Spider:4 | Reached XP level 19. HP: 102/117 MP: 11/28
 36990 | Spider:4 | Got a gossamer rune of Zot
 37240 | Lair:2   | Learned a level 5 spell: Silence
 37342 | Elf:1    | Entered Level 1 of the Elven Halls
 37398 | Elf:1    | Received a gift from Okawaru
 37576 | Elf:1    | Reached skill level 1 in Hexes
 37837 | Elf:1    | Reached skill level 1 in Air Magic
 39308 | Elf:2    | Found Vomowau's Assorted Antiques.
 39308 | Elf:2    | Found Vyxtaigi's Food Shop.
 39726 | Elf:2    | Found a magical portal.
 39733 | WizLab   | Entered Doroklohe's Tomb
 39954 | WizLab   | Noticed an ancient lich
 39970 | WizLab   | Killed an ancient lich
 39999 | WizLab   | Received a gift from Okawaru
 40035 | WizLab   | Got a fine scale mail {god gift}
 40036 | WizLab   | Identified the +1 scale mail of Compassion {Stlth+} (Okawaru gifted it to you in a wizard's laboratory)
 40244 | Elf:2    | Found Borihei's Distillery.
 40247 | Elf:2    | Found Totsua's Food Shop.
 40252 | Elf:2    | Bought a twisted helmet for 323 gold pieces
 40252 | Elf:2    | Bought a glowing peridot ring for 170 gold pieces
 40252 | Elf:2    | Bought a scroll of identify for 68 gold pieces
 40252 | Elf:2    | Identified the +3 helmet of the Komodo Dragon {rF+ rN+ MR+ SInv} (You bought it in a shop on level 2 of the Elven Halls)
 40612 | Elf:2    | Found a huge runed gate.
 40612 | Elf:2    | Found a huge runed gate.
 40613 | Elf:2    | Found a huge runed gate.
 40846 | Elf:2    | Reached XP level 20. HP: 124/124 MP: 30/30
 41292 | Elf:2    | Noticed Aizul
 41353 | Elf:2    | Killed Aizul
 41880 | Elf:3    | Entered Level 3 of the Elven Halls
 42659 | Elf:3    | Reached skill level 5 in Hexes
 43536 | Elf:3    | Received a gift from Okawaru
 43539 | Elf:3    | Got a brightly glowing shield {god gift}
 43568 | Elf:3    | Identified the +5 shield "Keruv" {rC+ Str+2} (Okawaru gifted it to you on level 3 of the Elven Halls)
 43658 | Elf:3    | Gained mutation: Your movements are slightly less encumbered by armour. (ER -2) [a cacodemon]
 43659 | Elf:3    | Noticed a Brimstone Fiend
 43660 | Elf:3    | Reached skill level 5 in Air Magic
 43662 | Elf:3    | Gained mutation: You are somewhat resistant to further mutation. [a cacodemon]
 44558 | Elf:3    | Got a slimy scale mail
 44569 | Elf:3    | Identified the +1 scale mail "Bebocaick" {rPois MR++ Regen+ Dex-4} (You found it on level 3 of the Elven Halls)
 44583 | Elf:3    | Got a coiled marble ring
 44584 | Elf:3    | Identified the ring of the Morning {*Corrode rC+ Str+2 Int+2} (You found it on level 3 of the Elven Halls)
 44948 | Lair:2   | Lost mutation: Your muscles are strong. (Str +2) [potion of mutation]
 44948 | Lair:2   | Lost mutation: You are somewhat resistant to further mutation. [potion of mutation]
 44948 | Lair:2   | Lost mutation: Armour fits poorly on your strangely shaped body. [potion of mutation]
 44948 | Lair:2   | Gained mutation: You are agile. (Dex +2) [potion of mutation]
 44948 | Lair:2   | Gained mutation: You occasionally shout uncontrollably at your foes. [potion of mutation]
 44948 | Lair:2   | Gained mutation: You have large cloven feet. [potion of mutation]
 44949 | Lair:2   | Lost mutation: You are agile. (Dex +2) [potion of mutation]
 44949 | Lair:2   | Lost mutation: Your movements are slightly less encumbered by armour. (ER -2) [potion of mutation]
 44949 | Lair:2   | Lost mutation: You have large cloven feet. [potion of mutation]
 44949 | Lair:2   | Lost mutation: You occasionally shout uncontrollably at your foes. [potion of mutation]
 44949 | Lair:2   | Gained mutation: Your magical capacity is low. (-10% MP) [potion of mutation]
 44949 | Lair:2   | Gained mutation: You passively map a small area around you. [potion of mutation]
 44949 | Lair:2   | Gained mutation: You are somewhat resistant to further mutation. [potion of mutation]
 44950 | Lair:2   | Lost mutation: You are somewhat resistant to further mutation. [potion of mutation]
 44950 | Lair:2   | Lost mutation: Your magical capacity is low. (-10% MP) [potion of mutation]
 44950 | Lair:2   | Lost mutation: You passively map a small area around you. [potion of mutation]
 44950 | Lair:2   | Gained mutation: You possess an exceptional clarity of mind. [potion of mutation]
 44950 | Lair:2   | Gained mutation: You expend magic power (3 MP) to strengthen your wands. [potion of mutation]
 44950 | Lair:2   | Gained mutation: Your muscles are strong. (Str +2) [potion of mutation]
 44950 | Lair:2   | Gained mutation: You are robust. (+10% HP) [potion of mutation]
 45106 | Vaults:1 | Entered Level 1 of the Vaults
 45239 | Vaults:1 | Reached XP level 21. HP: 118/141 MP: 33/33
 45349 | Vaults:1 | Got an ichor-stained robe
 45386 | Vaults:1 | Identified the +1 robe "Qetoliz" {rElec} (You found it on level 1 of the Vaults)
 45424 | Vaults:1 | Found Amoodol's Antique Armour Emporium.
 45437 | Vaults:1 | Bought a runed cloak for 202 gold pieces
 45458 | Vaults:1 | Bought a runed plate armour for 702 gold pieces
 45458 | Vaults:1 | Bought a glowing helmet for 202 gold pieces
 45539 | Vaults:1 | Received a gift from Okawaru
 46235 | Vaults:1 | Reached skill level 10 in Evocations
 46281 | Vaults:1 | Found Suiriwu's General Store.
 46293 | Vaults:1 | Bought a book of Frost for 420 gold pieces
 46499 | Vaults:1 | Found Seapneyr's Gadget Shoppe.
 47066 | Vaults:2 | HP: 6/141 [vault warden/great mace of distortion (26)]
 47498 | Vaults:2 | Cast into level 4 of the Abyss (vault warden)
 47603 | Abyss:4  | Found a corrupted altar of Lugonu.
 47702 | Abyss:4  | HP: 5/141 [tentacled monstrosity (6)]
 47704 | Abyss:4  | Slain by a tentacled monstrosity

Vault maps used:
D:1:      lightli_arrival_maybe_door_vault
D:2:      cheibrodos_helix_gallery, minivault_26, minmay_misc_feat_columns,
          elyvilon_altar_1
D:4:      temple_fountains, hex_tiny, st_stairs_1, grunt_ministairs_14,
          uniq_ijyb, uniq_menkaure
D:5:      first_bread, uniq_pikel
D:6:      enter_ossuary_1
D:7:      serial_shops, nicolae_shop_behind_doors, zaba_anthole
D:8:      trog_ov_bears_minmay
D:9:      due_lair_maze_entry_diamond, kennysheep_orc_monster_closet_entryway,
          kennysheep_boxes, uniq_maurice
D:10:     minmay_shrinking_squares, uniq_grum
D:11:     kennysheep_ambush_hall, basic_altar
D:12:     blue_anna_alchemist
D:13:     minmay_the_grid_four_pointed_star_mashed, david_vaults_4,
          portal_ice_cave_rime
D:14:     serial_shops, shop_statue, shop, shop_fountains,
          kennysheep_little_box, uniq_sonja
D:15:     gammafunk_depths_entry_grave, basic_altar, uniq_azrael
Temple:   nicolae_temple_the_god_donut
Lair:1:   lab_entry_generic
Lair:2:   nicolae_spider_entry_non_spiders, enter_volcano_1,
          minmay_stone_trees_small
Lair:3:   serial_bayou_shore_b, lemuel_fruit_tree, serial_bayou_shore_b,
          grunt_megastairs_2, lemuel_fruit_fields
Lair:4:   dragon1_lemuel, minmay_swamp_entry_reptiles, disabler_island,
          serial_bayou_shore_a, uniq_urug
Lair:5:   st_stairs_12, kennysheep_snail_temple, uniq_nessos
Lair:6:   due_jungle_book, nicolae_slime_entry_slimehenge,
          eino_small_chamber_without_monster, infiniplex_staircase_pool_2
Swamp:1:  hangedman_swamp_cone, swamp_pool3
Swamp:2:  hangedman_swamp_lotus, swamp_pool2
Swamp:3:  nicolae_swamp_orc_logging_accident
Swamp:4:  swamp
Spider:1: guppyfry_spider_mini_2
Spider:3: spider_temple_joshua
Spider:4: floodkiller_spider_rune_tomb, nicolae_orb_island, uniq_agnes,
          uniq_kirke
Orc:1:    basic_altar, serial_shops, shop_statue
Orc:2:    grunt_orc_tribal_feast
Elf:1:    hangedman_elf_represent, grunt_ministairs_7
Elf:2:    mu_enter_wizlab_6, minmay_shoptagon, basic_stair_grate_trap,
          uniq_aizul
Elf:3:    elf_hall_gauntlet_wide
Vaults:1: vaults_mumra_hexcomb, v_misc_16, vaults_mumra_chevron_long,
          nicolae_vaults_yaktaur_gun_rack, nicolae_vaults_c_with_doors,
          vaults_room_semicircle, v_misc_26, v_alt_pattern_2, v_misc_31,
          ontoclasm_vaults_idyll, serial_shops, shop, shop,
          nicolae_shop_statue_plus, shop_fountains
Vaults:2: nicolae_vaults_ring_of_whatevers, hangedman_vaults_capsules,
          hangedman_vaults_maws, grunt_vaults_funnel, v_alt_pattern_6,
          minmay_crypt_entry_simple_round, vaults_room_grid,
          grunt_vaults_trifunnel, nicolae_vaults_big_angled_halls,
          vaults_room_door_ring, ontoclasm_vaults_eye,
          hangedman_vaults_corner_blocks, vaults_room_pools,
          nicolae_vaults_little_squares_2
Abyss:4:  grunt_abyss_rune_wretched_hive, evilmike_abyss_exit_plants
Lab:      labyrinth_mini_lab, nicolae_lab_do_over, nicolae_lab_statue,
          nicolae_lab_starburst, lab_fountain
Ossuary:  ossuary_kennysheep_city_of_the_dead
IceCv:    ice_cave_small_demon
Volcano:  volcano_village
WizLab:   wizlab_doroklohe

Skill      XL: |  1  2  3  4  5  6  7  8  9 10 11 12 13 14 15 16 17 18 19 20 21 |
---------------+----------------------------------------------------------------+-----
Maces & Flails | 3 4 5 6 7 9 11 13 14 15 16 | 16.0
Shields        | 9 10 11 12 16 | 16.0
Invocations    | 3 6 9 12 13 | 13.0
Dodging        | 1 3 4 5 6 7 8 10 11 | 11.0
Fighting       | 4 5 7 8 10 11 12 13 | 13.0
Armour         | 4 5 7 9 10 11 12 13 | 13.0
Translocations | 5 7 8 9 |  9.0
Spellcasting   | 4 6 8 9 |  9.2
Evocations     | 2 6 8 9 10 | 10.0
Hexes          | 4 7 8 |  8.7
Air Magic      | 3 6 7 |  7.7

Action                   |  1- 3 |  4- 6 |  7- 9 | 10-12 | 13-15 | 16-18 | 19-21 || total
-------------------------+-------+-------+-------+-------+-------+-------+-------++-------
Melee: Flail             |   145 |   173 |   193 |   564 |       |       |       ||  1075
       Morningstar       |       |       |       |   502 |  1734 |  2237 |  1945 ||  6418
Invok: Heroism           |       |       |       |       |       |       |     6 ||     6
       Finesse           |       |       |       |       |       |       |     6 ||     6
 Abil: Fly               |       |       |       |       |     1 |       |       ||     1
       Evoke Invisibilit |       |       |       |       |       |     1 |     1 ||     2
  Use: Scroll            |     6 |     6 |     8 |     9 |    17 |     6 |    16 ||    68
       Potion            |       |     2 |     3 |     4 |     3 |     5 |    14 ||    31
 Stab: Invisible         |       |       |       |       |     1 |     1 |     1 ||     3
       Confused          |       |       |       |       |       |     2 |       ||     2
       Sleeping          |       |       |       |       |       |       |     1 ||     1
  Eat: Chunk             |     2 |     7 |     8 |    41 |    29 |    37 |    25 ||   149
       Fruit             |       |       |       |     2 |     1 |     1 |       ||     4
       Bread ration      |       |       |       |       |       |       |     3 ||     3
Armor: Scale mail        |    24 |       |       |       |       |       |       ||    24
       Chain mail        |    82 |   118 |   123 |   494 |   723 |  1160 |   436 ||  3136
       Skin              |       |     4 |       |    13 |       |       |       ||    17
       Plate armour      |       |       |       |    49 |    81 |       |   211 ||   341
Dodge: Dodged            |    34 |    35 |    46 |   248 |   443 |   923 |   574 ||  2303
       Deflected         |       |       |       |       |       |       |     6 ||     6
Block: Shield            |    79 |    98 |    78 |   613 |  1020 |  1781 |  1906 ||  5575
       Reflection        |       |       |       |       |       |     3 |   121 ||   124
